 Dungeon Crawl Stone Soup version 0.21.1-1-g345015fe64 (webtiles) character file.

110 Gargoyl the Skirmisher (level 4, 0/38 HPs)
             Began as a Centaur Abyssal Knight on Mar 23, 2018.
             Was a Believer of Lugonu.
             Succumbed to an adder's poison
             ... on level 3 of the Dungeon.
             The game lasted 00:03:32 (2390 turns).

Gargoyl the Skirmisher (Centaur Abyssal Knight)     Turns: 2390, Time: 00:03:33

Health: 0/38       AC:  9    Str: 12    XL:     4   Next: 61%
Magic:  6/6        EV:  9    Int: 11    God:    Lugonu [**....]
Gold:   133        SH:  0    Dex: 10    Spells: 3/3 levels left

rFire    . . .     SeeInvis .   a - +1 hand axe
rCold    . . .     Gourm    .   (no shield)
rNeg     . . .     Faith    .   b - +0 leather armour
rPois    .         Spirit   .   d - +2 helmet
rElec    .         Reflect  .   e - +1 cloak
rCorr    .         Harm     .   (no gloves)
MR       .....                  (no barding)
Stlth    ..........             (no amulet)
HPRegen  0.12/turn              (no ring)
MPRegen  0.10/turn              (no ring)

@: lethally poisoned (0 -> -3), berserk cooldown, slowed
A: large, hooves 3, deformed body, speed 2, tough skin 3, weak 1, wild magic 1
a: Depart the Abyss, Bend Space, Renounce Religion


You were on level 3 of the Dungeon.
You worshipped Lugonu.
Lugonu was pleased with you.
You were hungry.

You visited 1 branch of the dungeon, and saw 3 of its levels.
You visited the Abyss 1 time.

You collected 133 gold pieces.

Inventory:

Hand Weapons
 a - a +1 hand axe (weapon)
 k - the +4 hunting sling "Tenios" {speed, rPois Int+2}
   (You found it on level 2 of the Dungeon)

   Attacks with this weapon are significantly faster.
   It affects your intelligence (+2).
   It protects you from poison.
Missiles
 l - 149 stones (quivered)
Armour
 b - a +0 leather armour (worn)
 d - a +2 helmet (worn)
 e - a +1 cloak (worn)
Jewellery
 j - an uncursed amulet of magic regeneration {unknown}
Scrolls
 g - 2 scrolls of remove curse
Comestibles
 c - 2 rations
 h - a chunk of flesh


   Skills:
 + Level 3.5 Fighting
 + Level 2.7 Axes
 + Level 0.1 Slings
 * Level 2.1 Armour
 + Level 0.9 Dodging
 * Level 2.9 Invocations


You had 3 spell levels left.
You didn't know any spells.

Dungeon Overview and Level Annotations

Branches:
Dungeon (3/15)

Altars:


Innate Abilities, Weirdness & Mutations

You have hooves in place of feet.
Armour fits poorly on your strangely shaped body.
You cover ground very quickly.
You have extremely tough skin. (AC +3)
You are weak. (Str -2)
Your spells are a little harder to cast, but a little more powerful.


Message History

You are no longer berserk.
You are exhausted.
You feel yourself slow down.
An orc comes into view. It is wielding a mace.
You see here a stone.
* * * LOW HITPOINT WARNING * * *
You feel sick.
The orc shouts!
You hear a shout!
The orc closely misses you.
You barely miss the orc. The orc hits you.
* * * LOW HITPOINT WARNING * * *
An orc comes into view.
Unknown command.
* * * LOW HITPOINT WARNING * * *
You feel sick.
You see here a stone.
You see here a stone.
You see here a stone.
Unknown command.
You die...

#.# #)# #.# #.# ##.#
#..# ####### #..#
#.....# ###..#
######..[..###.@(.#
##..........#...##o#
...<..........####(#
##..........### #.#
#.<........# #o..#
#..........# #..##
####.#.....# ..(.
>...#.#### .o#.#
.##.....# ...#.#


You could see an orc.

Vanquished Creatures
  5 adders
  2 oozes
  2 worms (D:2)
  2 leopard geckos (D:2)
  5 bats
  2 giant cockroaches (D:2)
  8 goblins
  5 hobgoblins
  4 jackals (D:1)
  6 kobolds
  A ball python (D:2)
  5 frilled lizards
  2 rats
49 creatures vanquished.

Notes
Turn   | Place    | Note
-------+----------+-------------------------------------------
     0 | Abyss:1  | Gargoyl the Centaur Abyssal Knight began the quest for the Orb.
     0 | Abyss:1  | Reached XP level 1. HP: 19/19 MP: 2/2
    48 | Abyss:1  | Noticed a wretched star
    49 | D:1      | Escaped the Abyss
    56 | D:1      | Noticed an anaconda
    59 | D:1      | Noticed an elephant
   238 | D:1      | Reached XP level 2. HP: 15/26 MP: 3/3
   485 | D:1      | Reached * piety under Lugonu
  1037 | D:2      | Reached XP level 3. HP: 29/31 MP: 4/4
  1785 | D:2      | Reached XP level 4. HP: 38/38 MP: 6/6
  1930 | D:2      | Reached ** piety under Lugonu
  2020 | D:2      | Got a crude hunting sling
  2021 | D:2      | Identified the +4 hunting sling "Tenios" {speed, rPois Int+2} (You found it on level 2 of the Dungeon)
  2377 | D:3      | Gained mutation: You are weak. (Str -2) [potion of mutation]
  2377 | D:3      | Gained mutation: Your spells are a little harder to cast, but a little more powerful. [potion of mutation]
  2386 | D:3      | HP: 1/38 [orc (2)]
  2390 | D:3      | Succumbed to an adder's poison

Skill      XL: |  1  2  3 |
---------------+----------+-----
Axes           | 2 |  2.7
Armour         | 2 |  2.1
Fighting       | |  3.5
Slings         | |  0.1
Dodging        | |  0.9
Invocations    | |  2.9

Action                   |  1- 3 |  4- 6 || total
-------------------------+-------+-------++-------
Melee: Hand axe          |   104 |    46 ||   150
       Kick              |    14 |     3 ||    17
 Fire: Hunting sling     |       |     4 ||     4
Invok: Depart the Abyss  |     1 |       ||     1
  Use: Scroll            |     6 |       ||     6
       Potion            |       |     2 ||     2
  Eat: Chunk             |     2 |     1 ||     3
Armor: Leather armour    |    54 |    23 ||    77
Dodge: Dodged            |    79 |    24 ||   103
